 Dungeon Sprint DCSS version 0.31-a0-960-g0fca184906 (webtiles) character file.

Game seed: 14331386020342368592

47032 sircluck the Wrestler (level 14, -10/187 HPs)
             Began as a Troll Berserker on Oct 23, 2023.
             Was a Priest of Trog.
             Mangled by a sun demon (12 damage)
             ... summoned by a deep elf demonologist
             ... in the Dungeon (Sprint VII: "The Pits").
             The game lasted 00:11:59 (2665 turns).

sircluck the Wrestler (Troll Berserker)             Turns: 2665, Time: 00:12:00

Health: -10/187    AC:  3    Str: 32    XL:     14   Next: 7%
Magic:  0/11       EV: 15    Int:  3    God:    Trog [***...]
Gold:   42         SH:  0    Dex: 10    Spells: 13/13 levels left

rFire   . .          .
                       - Unarmed
rCold   . . .        (no shield)
rNeg    . . .        g - +0 swamp dragon scales
rPois   +            (helmet restricted)
rElec   .            (no cloak)
rCorr   .            (gloves unavailable)
SInv    .            (boots unavailable)
Will    +++..        s - amulet of guardian spirit
Stlth   +++++        l - +3 ring of dexterity
HPRegen 3.11/turn    A - ring of Shadows {Umbra +Inv Stlth+}
MPRegen 0.12/turn

%: no teleportation, guardian spirit
@: strong-willed, corroded, regenerating, slowed, wreathed by umbra, very slow
A: large, unfitting armour, claws 3, regeneration 2, shaggy fur 1, tough skin 1,
clumsy 1, low MP 1, robust 1, MP-powered wands
a: Renounce Religion, Evoke Invisibility, Berserk, Trog's Hand


You were in the Dungeon.
You worshipped Trog.
Trog was most pleased with you.
You visited 1 branch You collected 42 gold pieces.

Inventory:

Missiles
 k - 6 poisoned darts
Armour
 a - a +0 animal skin
 g - +0 swamp dragon scales (worn)
Jewellery
 l - a +3 ring of dexterity (left claw)
 n - a +3 ring of intelligence
 o - a ring of willpower
 s - an amulet of guardian spirit (around neck)
 y - a ring of ice
 z - a ring of positive energy
 A - the ring of Shadows (right claw) {Umbra +Inv Stlth+}
   (You found it in the Dungeon)

   [ring of stealth]

   Umbra:     It surrounds you with an aura of shadow, increasing your stealth
   and reducing the accuracy of all others within it.
   +Inv:      It lets you turn invisible.
   Stlth+:    It makes you more stealthy.
Wands
 p - a wand of mindburst (9)
Scrolls
 i - 2 scrolls of vulnerability
 j - a scroll of butterflies
 q - a scroll of silence
 t - 4 scrolls of identify
 u - 4 scrolls of enchant weapon
 v - a scroll of fear
 w - 2 scrolls of fog
 x - 4 scrolls of enchant armour
Potions
 b - 12 potions of curing
 c - 2 potions of heal wounds
 d - a potion of haste
 e - 4 potions of magic
 f - 7 potions of berserk rage
 h - 2 potions of invisibility
 m - 3 potions of mutation
 r - a potion of lignification


   Skills:
 + Level 18.5 Fighting
 + Level 7.0 Armour
 + Level 18.3 Dodging
 + Level 7.4 Stealth
 + Level 21.4 Unarmed Combat


You had 13 spell levels left.
You didn't know any spells.
Your spell library was empty.

Dungeon Overview and Level Annotations

Branches:
Dungeon (1/1)

Altars:
Ashenzari
Cheibriados
Dithmenos
Elyvilon
Fedhas
Gozag
Hepliaklqana
Kikubaaqudgha
Makhleb
Nemelex Xobeh
Okawaru
Qazlal
Ru
Sif Muna
Trog
Uskayaw
Vehumet
Wu Jian
Xom
Yredelemnul
Zin
The Shining One
Jiyva
Lugonu


Innate Abilities, Weirdness & Mutations

You are too large for most types of armour.
You have claws for hands.
You heal very quickly.
You are covered in fur. (AC +1)
You have tough skin. (AC +1)
You are clumsy. (Dex -2)
Your magical capacity is low. (-10% MP)
You are robust. (+10% HP)
You expend magic power (3 MP) to strengthen your wands.


Message History

You are engulfed in flames!
Your ogre barely misses the rust devil.
You barely miss the sun demon.
The sun demon is lightly wounded.
The rust devil hits you!
* * * LOW HITPOINT WARNING * * *
The rust devil corrodes you! The sun demon barely misses you.
The deep elf high priest intones a terrible prayer.
Your ogre hits the rust devil with a +0 giant club!!
Unknown command.
Read: scroll of fear
Press: ? - help, Q - select action, (/) - cycle Dir - look around, f - activate Look: a rust devil (almost dead, summoned, not watching you, ally target, umbra, chance to affect: 79%)
Okay, then.
Your skin crawls.
You feel strong-willed.
The deep elf demonologist seems less brilliant.
The sun demon misses you. The rust devil barely misses your ogre.
Your ogre hits the rust devil with a +0 giant club!!
The rust devil dies!
The rust devil disappears in a puff of smoke!
The reaper hits you from afar with a +0 scythe of flaming!!
* * * LOW HITPOINT WARNING * * *
The reaper burns you.
* * * LOW HITPOINT WARNING * * *
The deep elf demonologist is empowered by the deep elf high priest's aura!
The sun demon closely misses you.
The deep elf demonologist casts a spell.
Unknown command.
You feel much better.
Your ogre misses the sun demon.
The reaper hits you from afar with a +0 scythe of flaming!!!
* * * LOW HITPOINT WARNING * * *
The reaper burns you.
* * * LOW HITPOINT WARNING * * *
The sun demon closely misses you.
The ynoxinul gestures.
The reaper closely misses you.
Your ogre closely misses the sun demon.
The sun demon hits you!
* * * LOW HITPOINT WARNING * * *
You are engulfed in flames!
You die...

#.# #'#
#################'#
..................#
...............)..#
++##############).#
#..# #..# #@O# #3e#
#e2# #.3# #.5# #..#
#..# #''# #''#


You could see a reaper (summoned), a sun demon (summoned, ally target), a deep
elf demonologist (empowered), a deep elf high priest (brilliance aura), a
ynoxinul (summoned), an ufetubus (summoned) and a friendly ogre (summoned,
berserk).

Vanquished Creatures
  An ancient lich (D)
  2 orbs of fire (D)
  Arachne (D)
  A pearl dragon (D)
  A tentacled monstrosity (D)
  A Hell Sentinel (D)
  A sphinx (D)
  A death cob (D)
  A storm dragon (D)
  A fire giant (D)
  A deep elf sorcerer (D)
  An eidolon (D)
  A death yak (D)
  A naga warrior (D)
  A demonic crawler (D)
  A vampire mage (D)
  A hell knight (D)
  A naga sharpshooter (D)
  2 skeletal warriors (D)
  A cherub (D)
  2 harpies (D)
  A phantasmal warrior (D)
  An elephant (D)
  A molten gargoyle (D)
  2 orange demons (D)
  A smoke demon (D)
  An unseen horror (D)
  A yaktaur (D)
  A kobold demonologist (D)
  3 guardian mummies (D)
  A troll (D)
  A polar bear (D)
  A glass eye (shapeshifter) (D)
  A wandering mushroom (D)
  2 yaks (D)
  A flying skull (D)
  A ynoxinul (D)
  A wyvern (D)
  3 vampire mosquitoes (D)
  A fire bat (D)
  A chaos spawn (D)
  A warg (D)
  A naga (D)
  An acid dragon (D)
  A swamp drake (D)
  A water moccasin (D)
  An ice beast (D)
  A black bear (D)
  An ogre (D)
  A centaur (D)
  2 kobold brigands (D)
  A small abomination (D)
  A jelly (D)
  A gnoll bouda (D)
  A hell rat (D)
  2 mummies (D)
  5 gnolls (D)
  An adder (D)
  An adder simulacrum (D)
  2 orcs (D)
  A ball python (D)
  2 bats (D)
  A bat zombie (D)
  3 jackals (D)
  2 quokkas (D)
  A ball python zombie (D)
  2 frilled lizards (D)
  2 rats (D)
90 creatures vanquished.

Vanquished Creatures (collateral kills)
  A balrug (D)
  A deep elf high priest (D)
  An alligator snapping turtle (D)
  2 catoblepae (D)
  A two-headed ogre (D)
  2 death yaks (D)
  3 hell hogs (D)
  Urug (D)
  2 skeletal warriors (D)
  A swamp dragon (D)
  A phantasmal warrior (D)
  2 harpies (D)
  A smoke demon (D)
  Joseph (D)
  An efreet (D)
  An unseen horror (D)
  A rime drake (D)
  A komodo dragon (D)
  2 tarantellas (D)
  A snapping turtle (D)
  A jumping spider (D)
  2 spriggans (D)
  A water elemental (D)
  A yak (D)
  A basilisk (D)
  A neqoxec (D)
  An acid dragon (D)
  A warg (D)
  An ogre (D)
  A necrophage (D)
  A gnoll (D)
  A bat skeleton (D)
  A ball python skeleton (D)
41 creatures vanquished.

Vanquished Creatures (others)
  A quokka zombie (D)
1 creature vanquished.

Grand Total: 132 creatures vanquished

Notes
Turn   | Place    | Note
-------+----------+-------------------------------------------
     0 | D        | sircluck the Troll Berserker began the quest for the Orb.
     0 | D        | Reached XP level 1. HP: 22/22 MP: 0/0
    39 | D        | Found a bloodstained altar of Trog.
    39 | D        | Found a shimmering blue altar of Sif Muna.
    39 | D        | Found a viscous altar of Jiyva.
    39 | D        | Found a hazy altar of Hepliaklqana.
    39 | D        | Found an opulent altar of Gozag.
    40 | D        | Found a glowing golden altar of the Shining One.
    40 | D        | Found a glowing silver altar of Zin.
    40 | D        | Found a basalt altar of Yredelemnul.
    40 | D        | Found a shimmering altar of Xom.
    40 | D        | Found an ornate altar of the Wu Jian Council.
    40 | D        | Found a sacrificial altar of Ru.
    40 | D        | Found a stormy altar of Qazlal.
    40 | D        | Found an iron altar of Okawaru.
    40 | D        | Found a sparkling altar of Nemelex Xobeh.
    40 | D        | Found a burning altar of Makhleb.
    40 | D        | Found a blossoming altar of Fedhas.
    40 | D        | Found a white marble altar of Elyvilon.
    40 | D        | Found a shadowy altar of Dithmenos.
    40 | D        | Found a snail-covered altar of Cheibriados.
    44 | D        | Found a corrupted altar of Lugonu.
    44 | D        | Found a radiant altar of Vehumet.
    45 | D        | Found a broken altar of Ashenzari.
    45 | D        | Found an ancient bone altar of Kikubaaqudgha.
    45 | D        | Found a hide-covered altar of Uskayaw.
    88 | D        | Reached XP level 2. HP: 31/31 MP: 1/1
    91 | D        | Reached ** piety under Trog
    92 | D        | Reached skill level 4 in Unarmed Combat
   116 | D        | Reached *** piety under Trog
   118 | D        | Reached XP level 3. HP: 38/39 MP: 2/2
   123 | D        | Noticed a water moccasin
   130 | D        | Killed a water moccasin
   130 | D        | Reached **** piety under Trog
   131 | D        | Reached skill level 5 in Fighting
   131 | D        | Reached skill level 5 in Dodging
   131 | D        | Reached skill level 6 in Unarmed Combat
   131 | D        | Reached XP level 4. HP: 30/50 MP: 3/3
   198 | D        | Noticed an ogre
   211 | D        | Reached XP level 5. HP: 57/57 MP: 4/4
   222 | D        | Reached ***** piety under Trog
   223 | D        | Reached skill level 7 in Unarmed Combat
   247 | D        | Killed an ogre
   248 | D        | Reached XP level 6. HP: 38/68 MP: 5/5
   250 | D        | Reached skill level 8 in Unarmed Combat
   251 | D        | Received a gift from Trog
   302 | D        | Noticed a fire bat
   308 | D        | Killed a fire bat
   341 | D        | Noticed a kobold demonologist
   347 | D        | Killed a kobold demonologist
   348 | D        | Reached skill level 9 in Unarmed Combat
   348 | D        | Reached XP level 7. HP: 77/81 MP: 6/6
   353 | D        | Noticed a flying skull
   358 | D        | Reached skill level 10 in Unarmed Combat
   359 | D        | Killed a flying skull
   377 | D        | Noticed a vampire mosquito
   377 | D        | Noticed a vampire mosquito
   377 | D        | Noticed a vampire mosquito
   383 | D        | Killed a vampire mosquito
   383 | D        | Received a gift from Trog
   384 | D        | Reached XP level 8. HP: 92/92 MP: 7/7
   389 | D        | Reached skill level 11 in Unarmed Combat
   510 | D        | Noticed a guardian mummy
   520 | D        | Killed a guardian mummy
   521 | D        | Reached skill level 10 in Fighting
   521 | D        | Reached skill level 10 in Dodging
   595 | D        | Noticed a troll
   603 | D        | Killed a troll
   603 | D        | Reached ****** piety under Trog
   604 | D        | Reached skill level 12 in Unarmed Combat
   604 | D        | Reached XP level 9. HP: 102/102 MP: 8/8
   617 | D        | Noticed an efreet
   621 | D        | Killed an efreet
   635 | D        | Noticed a phantasmal warrior
   642 | D        | Killed a phantasmal warrior
   642 | D        | Received a gift from Trog
   643 | D        | Reached skill level 13 in Unarmed Combat
   700 | D        | Noticed a catoblepas
   716 | D        | HP: 5/105 [catoblepas (11)]
   727 | D        | Killed a catoblepas
   729 | D        | Reached XP level 10. HP: 29/115 MP: 9/9
   813 | D        | Noticed an elephant
   813 | D        | Noticed a molten gargoyle
   819 | D        | Killed an elephant
   820 | D        | Reached skill level 14 in Unarmed Combat
   824 | D        | Killed a molten gargoyle
   830 | D        | Received a gift from Trog
   865 | D        | Noticed an orb of fire
   869 | D        | Gained mutation: Your spells are a little easier to cast,
                  | but a little less powerful. [an orb of fire]
   884 | D        | Gained mutation: Your magical capacity is low. (-10% MP)
                  | [an orb of fire]
   885 | D        | Killed an orb of fire
   886 | D        | Reached skill level 15 in Unarmed Combat
   886 | D        | Reached XP level 11. HP: 26/127 MP: 8/8
  1241 | D        | Noticed a phantasmal warrior
  1246 | D        | Killed a phantasmal warrior
  1319 | D        | Reached skill level 16 in Unarmed Combat
  1458 | D        | Noticed a demonic crawler
  1461 | D        | Killed a demonic crawler
  1464 | D        | Received a gift from Trog
  1503 | D        | Noticed a death cob
  1503 | D        | Noticed Urug
  1509 | D        | Killed a death cob
  1511 | D        | Killed Urug
  1513 | D        | Received a gift from Trog
  1514 | D        | Reached skill level 17 in Unarmed Combat
  1534 | D        | Identified the +8 quarterstaff of Lale {flame, rF+ Will+}
                  | (Trog gifted it to you in the Dungeon)
  1534 | D        | Received a gift from Trog
  1552 | D        | Noticed Joseph
  1552 | D        | Noticed a deep elf high priest
  1557 | D        | Reached skill level 15 in Fighting
  1570 | D        | Killed a deep elf high priest
  1570 | D        | Received a gift from Trog
  1571 | D        | Reached skill level 15 in Dodging
  1572 | D        | Killed Joseph
  1878 | D        | Lost mutation: Your magical capacity is low. (-10% MP)
                  | [potion of mutation]
  1878 | D        | Lost mutation: Your spells are a little easier to cast, but
                  | a little less powerful. [potion of mutation]
  1878 | D        | Gained mutation: You expend magic power (3 MP) to
                  | strengthen your wands. [potion of mutation]
  1878 | D        | Gained mutation: You are robust. (+10% HP) [potion of
                  | mutation]
  1878 | D        | Gained mutation: You are clumsy. (Dex -2) [potion of
                  | mutation]
  1878 | D        | Gained mutation: You heal very quickly. [potion of
                  | mutation]
  2046 | D        | Found the ring of Shadows {Umbra +Inv Stlth+}
  2046 | D        | Noticed a skeletal warrior
  2046 | D        | Noticed a skeletal warrior
  2046 | D        | Noticed a naga warrior
  2046 | D        | Noticed an alligator snapping turtle
  2047 | D        | Identified the +2 crystal plate armour "Momm" {Harm +Blink
                  | rElec Str-3}
  2047 | D        | Noticed a skeletal warrior
  2050 | D        | Killed a skeletal warrior
  2051 | D        | Reached skill level 18 in Unarmed Combat
  2051 | D        | Reached XP level 12. HP: 157/157 MP: 11/11
  2058 | D        | Killed a naga warrior
  2059 | D        | Killed an alligator snapping turtle
  2063 | D        | Received a gift from Trog
  2112 | D        | Noticed a vampire mage
  2112 | D        | Noticed a death yak
  2112 | D        | Noticed a hell hog
  2113 | D        | Noticed a hell hog
  2116 | D        | Killed a vampire mage
  2118 | D        | Killed a hell hog
  2119 | D        | Reached skill level 1 in Stealth
  2120 | D        | Received a gift from Trog
  2124 | D        | Killed a hell hog
  2125 | D        | Reached skill level 19 in Unarmed Combat
  2127 | D        | Noticed a deep elf sorcerer
  2127 | D        | Killed a death yak
  2128 | D        | Noticed a hell hog
  2128 | D        | Killed a hell hog
  2128 | D        | Noticed Arachne
  2130 | D        | Noticed a death yak
  2131 | D        | Killed a deep elf sorcerer
  2132 | D        | Killed a death yak
  2132 | D        | Received a gift from Trog
  2133 | D        | Noticed a balrug
  2134 | D        | Noticed a catoblepas
  2138 | D        | HP: 5/160 [balrug/+0 antimagic demon whip (14)]
  2139 | D        | Killed a balrug
  2153 | D        | Killed Arachne
  2153 | D        | Killed a catoblepas
  2153 | D        | Received a gift from Trog
  2154 | D        | Reached XP level 13. HP: 72/171 MP: 0/12
  2192 | D        | Reached skill level 20 in Unarmed Combat
  2200 | D        | Reached skill level 1 in Armour
  2203 | D        | Reached skill level 5 in Stealth
  2383 | D        | Noticed an ancient lich
  2385 | D        | Killed an ancient lich
  2387 | D        | Noticed a storm dragon
  2393 | D        | Killed a storm dragon
  2402 | D        | Noticed an orb of fire
  2413 | D        | Gained mutation: Your magical capacity is low. (-10% MP)
                  | [an orb of fire]
  2416 | D        | Killed an orb of fire
  2416 | D        | Received a gift from Trog
  2417 | D        | Reached skill level 5 in Armour
  2488 | D        | Noticed an eidolon
  2488 | D        | Noticed a Hell Sentinel
  2488 | D        | Noticed a fire giant
  2488 | D        | Noticed a pearl dragon
  2500 | D        | Killed a pearl dragon
  2501 | D        | Reached skill level 21 in Unarmed Combat
  2509 | D        | Killed a fire giant
  2518 | D        | Killed a Hell Sentinel
  2521 | D        | Killed an eidolon
  2604 | D        | Noticed a tentacled monstrosity
  2612 | D        | Killed a tentacled monstrosity
  2613 | D        | Reached XP level 14. HP: 145/187 MP: 8/11
  2625 | D        | Noticed a yellow draconian annihilator
  2637 | D        | Noticed a sphinx
  2646 | D        | Paralysed by a sphinx for 2 turns
  2651 | D        | Killed a sphinx
  2659 | D        | Noticed a reaper
  2665 | D        | HP: 2/187 [sun demon[a deep elf demonologist] (8)]
  2665 | D        | Mangled by a sun demon

Illustrated notes

Levels and vault maps discovered:
D:        pitsprint [storerooms_1, entrance_room_1, metal_vault_2, armoury_1,
          mini_pit_1, grid_room_1, main_hall_1, silver_pit, the_coven_1,
          the_vestibule_1, steel_vault_2, golden_pit, hallway_of_sentries,
          crystal_vault_1, iron_vault_3, final_vault]

Skill      XL: |  1  2  3  4  5  6  7  8  9 10 11 12 13 14 |
---------------+-------------------------------------------+-----
Fighting       | 3 5 6 8 9 10 11 13 15 17 18 | 18.5
Dodging        | 3 5 6 8 9 10 11 13 15 16 18 | 18.3
Unarmed Combat | 4 6 7 9 10 12 13 15 18 19 21 | 21.4
Stealth        | 4 7 |  7.4
Armour         | 6 7 |  7.0

Action                     |  1- 3 |  4- 6 |  7- 9 | 10-12 | 13-15 || total
---------------------------+-------+-------+-------+-------+-------++-------
  Melee: Unarmed           |    30 |    34 |    57 |   125 |    90 ||   336
         Punch             |       |     1 |     4 |    10 |    11 ||    26
 Invoke: Berserk           |       |       |     2 |     2 |     2 ||     6
         Brothers in Arms  |       |       |     2 |     8 |     8 ||    18
         Trog's Hand       |       |       |       |       |     1 ||     1
    Use: Potion            |       |       |     1 |     7 |     2 ||    10
         Scroll            |       |       |       |       |     1 ||     1
   Stab: Sleeping          |     1 |       |       |       |     3 ||     4
 Armour: Animal skin       |    19 |    14 |    47 |    84 |    24 ||   188
         Swamp dragon scal |       |       |       |       |    62 ||    62
  Dodge: Dodged            |    13 |    15 |    25 |    66 |    62 ||   181

Table legend: (Time is in decaauts)
 A = Elapsed time spent in this place.
 B = Non-inter-level travel time spent in this place.
 C = Inter-level travel time spent in this place.
 D = Time resting spent in this place.
 E = Time spent auto-exploring this place.
 F = Levels seen in this place.
 G = Mean time per level.
                   A        B        C        D        E       F      G
               +--------+--------+--------+--------+--------+-----+--------+
         Total |   2652 |   2609 |     43 |    877 |    505 |   1 | 2652.0 |
       Dungeon |   2652 |   2609 |     43 |    877 |    505 |   1 | 2652.0 |
               +--------+--------+--------+--------+--------+-----+--------+

Top non-repeatable levels by time:
       D: 2652 daAuts
